 Dungeon Crawl Stone Soup version 0.27-a0-1612-gde56a17b89 (webtiles) character file.

Game seed: 10693914590279524606

7245 funkygono the Thaumaturge (level 11, -2/57 HPs)
             Began as a Gargoyle Fire Elementalist on July 22, 2021.
             Was an Elder of Vehumet.
             Slain by an elephant (6 damage)
             ... on level 1 of the Lair of Beasts.
             The game lasted 00:30:40 (11707 turns).

funkygono the Thaumaturge (GrFE)                   Turns: 11707, Time: 00:30:40

Health: -2/57      AC: 16    Str: 12    XL:     11   Next: 12%
Magic:  24/24      EV: 12    Int: 19    God:    Vehumet [****..]
Gold:   1795       SH:  5    Dex: 10    Spells: 8/29 levels left

rFire    . . .     SeeInvis +   v - +2 whip (elec)
rCold    . . .     Faith    .   (no shield)
rNeg     + . .     Spirit   .   a - +0 robe
rPois    ∞         Reflect  +   C - +1 helmet {SInv}
rElec    +         Harm     .   B - +0 cloak
rCorr    .         Rampage  .   d - +1 pair of gloves
Will     .....                  y - +0 pair of boots
Stlth    ++........             k - amulet of reflection
HPRegen  0.19/turn              (no ring)
MPRegen  0.19/turn              (no ring)

@: no status effects
A: sickness immunity, AC +8, negative energy resistance 1, electricity
resistance, torment resistance 1, petrification resistance
a: Renounce Religion


You were on level 1 of the Lair of Beasts.
You worshipped Vehumet.
Vehumet was greatly pleased with you.
You visited 2 branches of the dungeon, and saw 9 of its levels.
You also visited: Sewer.

You collected 1990 gold pieces.
You spent 195 gold pieces at shops.

Inventory:

Hand Weapons
 v - a +2 whip of electrocution (weapon)
 E - a +2 mace of holy wrath
Missiles
 e - 185 stones
Armour
 a - a +0 robe (worn)
 d - a +1 pair of gloves (worn)
 y - a +0 pair of boots (worn)
 B - a +0 cloak (worn)
 C - a +1 helmet of see invisible (worn)
Magical Staves
 x - a staff of conjuration
Jewellery
 k - an amulet of reflection (around neck)
Wands
 i - a wand of digging (3)
 D - a wand of flame (9)
Scrolls
 o - 2 scrolls of teleportation
 p - 2 scrolls of fog
 G - 2 scrolls of magic mapping
Potions
 b - 4 potions of lignification
 h - a potion of haste
 l - a potion of berserk rage
 m - 4 potions of brilliance
 t - 2 potions of attraction
 u - a potion of degeneration {unknown}
 w - 3 potions of curing
 z - 2 potions of magic


   Skills:
 + Level 1.8 Fighting
 + Level 3.5 Maces & Flails
 + Level 3.1 Dodging
 - Level 2.1 Stealth
 + Level 1.1 Shields
 + Level 9.7 Spellcasting
 + Level 8.4 Conjurations
 + Level 8.3 Fire Magic
 + Level 3.3 Ice Magic
 + Level 4.2 Earth Magic
 + Level 0.1 Evocations


You had 8 spell levels left.
You knew the following spells:

 Your Spells              Type           Power      Damage    Failure   Level
a - Foxfire               Conj/Fire      100%       2x1d9     1%          1
b - Conjure Flame         Conj/Fire      41%        6-21      1%          3
c - Sticky Flame          Conj/Fire      41%        2d6       1%          4
d - Fireball              Conj/Fire      20%        3d10      1%          5
e - Sandblast             Erth           50%        2d12      1%          1
f - Frozen Ramparts       Ice            42%        1d6       1%          3
g - Hailstorm             Conj/Ice       31%        3d8       1%          4

Your spell library contained the following spells:

 Spells                   Type           Power      Damage    Failure   Level
 Irradiate                Conj/Tmut      12%        3d17      11%         5
 Dazzling Flash           Conj/Hex       50%        N/A       1%          3
 Inner Flame              Hex/Fire       25%        N/A       1%          3
 Agony                    Necr           9%         N/A       91%         5
 Silence                  Hex/Air        4%         N/A       91%         5


Dungeon Overview and Level Annotations

Branches:
Dungeon (8/15)             Temple (0/1) D:6            Lair (1/6) D:8
  Sewer (visited)

Altars:
Ashenzari
Cheibriados
Elyvilon
Hepliaklqana
Makhleb
Nemelex Xobeh
Okawaru
Qazlal
Trog
Vehumet

Shops:
D:1 [


Innate Abilities, Weirdness & Mutations

You are immune to sickness and miasma.
Your stone body is resilient. (AC +8)
You are immune to poison.
You resist negative energy. (rN+)
You are resistant to electric shocks. (rElec)
You are resistant to unholy torment.
You are immune to petrification.


Message History

The elephant trunk-slaps you but does no damage.
The elephant tramples you.
You stumble backwards!
You can't go up here!
Unknown command.
You can't go up here!
Unknown command.
You can't go up here!
Unknown command.
The elephant tramples you!
You stumble backwards!
Found a scythe.
The elephant tramples you.
You hold your ground!
You block the elephant's attack. The elephant barely misses you.
The elephant trunk-slaps you but does no damage.
The elephant tramples you.
You hold your ground!
The elephant trunk-slaps you but does no damage.
There is a staircase back to the Dungeon here.
The elephant tramples you!
You stumble backwards!
You stop ascending the stairs.
The elephant tramples you but does no damage.
The elephant closely misses you.
The elephant tramples you but does no damage.
The elephant barely misses you.
The elephant tramples you but does no damage.
You block the elephant's attack. The elephant tramples you!
You stumble backwards!
The elephant tramples you!
* * * LOW HITPOINT WARNING * * *
You stumble backwards!
You block the elephant's attack. The elephant misses you.
The elephant tramples you but does no damage.
The elephant trunk-slaps you.
* * * LOW HITPOINT WARNING * * *
The elephant barely misses you. The elephant closely misses you.
The elephant tramples you!
* * * LOW HITPOINT WARNING * * *
You stumble backwards!
The elephant barely misses you. x2
The elephant tramples you.
You die...

##.........#.#..... ......
#..........#...# ......
#...(......'.##### .....
...........##÷...###..#
....≈......##..>÷...####
...........###.......Y.### #.
.....≈≈≈≈...##..#.Y....#.####.)
.≈≈≈≈≈≈≈≈≈≈#####.###...........
≈≈≈≈≈≈≈≈≈≈≈####.@Y.##.....8....
≈≈≈≈§≈≈≈≈≈....P.YYYY.##........
≈≈≈≈≈§≈≈≈.............#.8...8.#
≈≈≈≈≈≈≈≈.....##......##..$....#
≈≈≈≈≈≈≈......##.......?...8....
. ≈≈≈≈≈......##.....#..........
. ..... ##.###...###..... . ...
#..#.....# .###. #. +.8.### ##


You could see 5 elephants.

Vanquished Creatures
  Pikel (D:6)
  A black mamba (D:8)
  3 cane toads (Lair:1)
  Prince Ribbit (D:7)
  5 yaks (Lair:1)
  A steam dragon (D:8)
  3 vampire mosquitoes (D:6)
  Edmund (D:4)
  2 water moccasins
  A hornet zombie (D:6)
  A sky beast (D:8)
  3 orc warriors
  An ice beast (D:5)
  3 ogres
  2 black bears
  2 necrophages
  2 centaurs
  A phantom (D:5)
  3 kobold brigands (D:8)
  4 lemures (D:6)
  5 bullfrogs
  4 scorpions
  2 gnoll sergeants
  The ghost of quino the Covert, a weakling GnDe (D:5)
  A water moccasin skeleton (D:5)
  3 wights (D:8)
  4 howler monkeys (D:8)
  4 electric eels (D:8)
  4 jellies
  7 hounds
  3 orc priests
  Crazy Yiuf (D:5)
  2 centaur skeletons
  3 iguanas
  2 orc wizards (D:6)
  A hound skeleton (D:6)
  17 gnolls
  10 adders
  2 river rats (D:5)
  A shadow imp (D:6)
  2 white imps
  An ufetubus (D:5)
  2 worms
  3 dart slugs
  34 orcs
  6 bats
  15 endoplasms
  12 giant cockroaches
  5 goblins
  10 hobgoblins
  11 jackals (D:1)
  15 quokkas
  16 ball pythons
  17 frilled lizards
  23 kobolds
  6 rats
296 creatures vanquished.

Vanquished Creatures (collateral kills)
  2 foxfires
2 creatures vanquished.

Vanquished Creatures (others)
  A kobold (D:8)
  1081 foxfires
  60 plants
1142 creatures vanquished.

Grand Total: 1440 creatures vanquished

Notes
Turn   | Place    | Note
-------+----------+-------------------------------------------
     0 | D:1      | funkygono the Gargoyle Fire Elementalist began the quest
                  | for the Orb.
     0 | D:1      | Reached XP level 1. HP: 10/10 MP: 3/3
   217 | D:1      | Reached XP level 2. HP: 15/15 MP: 0/5
   664 | D:1      | Reached XP level 3. HP: 18/19 MP: 3/6
   958 | D:1      | Found Zuyvviot's Antique Armour Emporium.
  1367 | D:1      | Found a faded altar of an unknown god.
  1762 | D:2      | Reached XP level 4. HP: 24/24 MP: 5/8
  2484 | D:2      | Learned a level 4 spell: Sticky Flame
  2488 | D:2      | Learned a level 3 spell: Conjure Flame
  2663 | D:3      | Reached skill level 3 in Spellcasting
  2779 | D:3      | Reached XP level 5. HP: 28/28 MP: 5/9
  3490 | D:3      | Found a radiant altar of Vehumet.
  3504 | D:3      | Became a worshipper of Vehumet
  4058 | D:4      | Reached XP level 6. HP: 33/33 MP: 5/11
  4278 | D:4      | Found a broken altar of Ashenzari.
  4279 | D:4      | Found a bloodstained altar of Trog.
  4280 | D:4      | Found a sparkling altar of Nemelex Xobeh.
  4284 | D:4      | Found a snail-covered altar of Cheibriados.
  4344 | D:4      | Reached skill level 1 in Maces & Flails
  4419 | D:4      | Found a hazy altar of Hepliaklqana.
  4434 | D:4      | Noticed Edmund
  4482 | D:4      | Killed Edmund
  4483 | D:4      | Reached skill level 4 in Spellcasting
  4483 | D:4      | Reached XP level 7. HP: 33/37 MP: 3/13
  4642 | D:4      | Reached skill level 5 in Fire Magic
  4700 | D:4      | Found a white marble altar of Elyvilon.
  5000 | D:4      | Learned a level 5 spell: Fireball
  5055 | D:5      | Entered Level 5 of the Dungeon
  5272 | D:5      | Found a runed translucent gate.
  5272 | D:5      | Found a runed translucent gate.
  5273 | D:5      | Noticed quino's ghost (weakling GnDe)
  5274 | D:5      | Found a runed translucent gate.
  5382 | D:5      | Reached XP level 8. HP: 26/42 MP: 8/15
  5454 | D:5      | Found a runed translucent door.
  5455 | D:5      | Noticed Crazy Yiuf
  5497 | D:5      | Reached skill level 1 in Fighting
  5497 | D:5      | Reached skill level 5 in Spellcasting
  5544 | D:5      | Reached * piety under Vehumet
  5544 | D:5      | Offered knowledge of Shock by Vehumet.
  5553 | D:5      | Reached skill level 5 in Conjurations
  5558 | D:5      | Found a glowing drain.
  5609 | Sewer    | Entered a sewer
  5919 | Sewer    | Offered knowledge of Sandblast by Vehumet.
  5967 | Sewer    | Reached ** piety under Vehumet
  6443 | D:5      | Learned a level 1 spell: Sandblast
  6712 | D:5      | Offered knowledge of Frozen Ramparts by Vehumet.
  6774 | D:5      | Found a stormy altar of Qazlal.
  6988 | D:5      | Killed quino's ghost
  6989 | D:5      | Reached skill level 6 in Spellcasting
  7105 | D:5      | Killed Crazy Yiuf
  7261 | D:1      | Bought a glowing helmet for 195 gold pieces
  7339 | D:5      | Learned a level 3 spell: Frozen Ramparts
  7482 | D:6      | Reached skill level 1 in Earth Magic
  7656 | D:6      | Reached XP level 9. HP: 47/47 MP: 10/18
  7733 | D:6      | Reached skill level 1 in Ice Magic
  7737 | D:6      | Noticed Pikel
  8007 | D:6      | Reached *** piety under Vehumet
  8300 | D:6      | Reached skill level 7 in Spellcasting
  8351 | D:6      | Killed Pikel
  8427 | D:6      | Found a burning altar of Makhleb.
  8705 | D:6      | Found a staircase to the Ecumenical Temple.
  8749 | D:6      | Offered knowledge of Hailstorm by Vehumet.
  8772 | D:6      | Found an iron altar of Okawaru.
  8836 | D:6      | Learned a level 4 spell: Hailstorm
  8949 | D:7      | Reached XP level 10. HP: 36/52 MP: 19/21
  9170 | D:7      | Reached skill level 1 in Shields
  9230 | D:7      | Found a sand-covered staircase.
  9532 | D:7      | Noticed Prince Ribbit
  9542 | D:7      | Killed Prince Ribbit
  9564 | D:7      | Reached skill level 8 in Spellcasting
  9931 | D:7      | Identified a scroll of acquirement
  9931 | D:7      | Acquired 1360 gold pieces
 10123 | D:8      | Reached **** piety under Vehumet
 10474 | D:8      | Offered knowledge of Irradiate by Vehumet.
 10530 | D:8      | Found a staircase to the Lair.
 11321 | Lair:1   | Entered Level 1 of the Lair of Beasts
 11321 | Lair:1   | Noticed a cane toad
 11321 | Lair:1   | Noticed a cane toad
 11332 | Lair:1   | Killed a cane toad
 11360 | Lair:1   | Noticed a cane toad
 11364 | Lair:1   | Killed a cane toad
 11365 | Lair:1   | Reached skill level 9 in Spellcasting
 11373 | Lair:1   | Killed a cane toad
 11404 | Lair:1   | Reached XP level 11. HP: 39/57 MP: 13/24
 11707 | Lair:1   | Slain by an elephant

Illustrated notes

Levels and vault maps discovered:
D:1:      minmay_arrival_four_loops, layout_basic,
          dreamdust_ecumenical_altar_angels_and_demons, serial_shops,
          nicolae_lakefront_shop
D:2:      layout_basic
D:3:      corexii_shack_village, layout_loops_ring, vehumet_crystals,
          wander_ebering_terrifying_dragon_lair
D:4:      layout_basic, mainiacjoe_overflow_catwalk, minitemple,
          kennysheep_flooded_box, uniq_edmund
D:5:      lemuel_ice_spiral_2, layout_basic, nicolae_qazlal_eye_of_the_storm,
          ebering_ghost_rock_garden, portal_sewer_entry_e,
          nicolae_zen_rock_garden, uniq_crazy_yiuf_cottage
D:6:      layout_cave_pools, makhleb_blood_cavern_becter,
          okawaru_altar_gauntlet_db, temple_doors_ab, minmay_misc_feat_doors,
          uniq_pikel
D:7:      layout_loops_cross, nicolae_ossuary_entry_monument,
          uniq_prince_ribbit1
D:8:      layout_basic, lair_entry_dummy, serial_bayou, serial_bayou_pond_c,
          serial_bayou_pond_e, serial_bayou_pond_b, serial_bayou_lagoon_a
Lair:1:   layout_roguey, lemuel_old_faithful, grunt_megastairs_4

Skill      XL: |  1  2  3  4  5  6  7  8  9 10 11 |
---------------+----------------------------------+-----
Conjurations   | 2 3 4 5 7 8 |  8.4
Spellcasting   | 3 4 6 7 9 |  9.7
Fire Magic     | 4 5 6 7 8 |  8.3
Maces & Flails | 1 2 3 |  3.5
Dodging        | 2 3 |  3.1
Fighting       | 1 |  1.8
Earth Magic    | 1 3 4 |  4.2
Ice Magic      | 2 3 |  3.3
Shields        | 1 |  1.1
Stealth        | |  2.1
Evocations     | |  0.1

Action                   |  1- 3 |  4- 6 |  7- 9 | 10-12 || total
-------------------------+-------+-------+-------+-------++-------
Melee: Mace              |    26 |       |       |       ||    26
       Flail             |       |    20 |     9 |       ||    29
       Unarmed           |       |    13 |       |       ||    13
       Whip              |       |       |    62 |    47 ||   109
 Cast: Foxfire           |    56 |   126 |   300 |   157 ||   639
       Sticky Flame      |       |       |     2 |     4 ||     6
       Sandblast         |       |       |     1 |       ||     1
       Frozen Ramparts   |       |       |     6 |    12 ||    18
       Fireball          |       |       |       |     1 ||     1
Evoke: Wand              |       |       |       |     1 ||     1
  Use: Scroll            |       |     3 |     8 |     4 ||    15
       Potion            |       |     1 |     2 |       ||     3
 Stab: Confused          |       |     2 |       |       ||     2
Armor: Robe              |    29 |    11 |    44 |    36 ||   120
       Skin              |       |     2 |       |       ||     2
Dodge: Dodged            |    51 |    38 |    67 |    44 ||   200
Block: Other             |       |    11 |    23 |    14 ||    48
       Reflection        |       |       |     2 |       ||     2

Table legend: (Time is in decaauts)
 A = Elapsed time spent in this place.
 B = Non-inter-level travel time spent in this place.
 C = Inter-level travel time spent in this place.
 D = Time resting spent in this place.
 E = Time spent auto-exploring this place.
 F = Levels seen in this place.
 G = Mean time per level.
                   A        B        C        D        E       F      G
               +--------+--------+--------+--------+--------+-----+--------+
         Total |  11831 |  11459 |    372 |   1006 |   7863 |  10 | 1183.1 |
       Dungeon |  10909 |  10537 |    372 |    975 |   7306 |   8 | 1363.6 |
          Lair |    233 |    233 |      0 |     31 |     94 |   1 |  233.0 |
         Sewer |    688 |    688 |      0 |      0 |    462 |   1 |  688.0 |
               +--------+--------+--------+--------+--------+-----+--------+

Top non-repeatable levels by time:
     D:5: 1834 daAuts
     D:3: 1523 daAuts
     D:1: 1493 daAuts
     D:8: 1403 daAuts
     D:7: 1242 daAuts
     D:6: 1213 daAuts
     D:4: 1120 daAuts
     D:2: 1077 daAuts
   Sewer: 688 daAuts
  Lair:1: 233 daAuts
